 Dungeon Sprint DCSS version 0.27-a0-401-gea03ee85fd (webtiles) character file.

Game seed: 1109896763044081757

8200000 hittemvvvvvhard the Axe Maniac (level 27, -53/292 HPs)
             Began as a Palentonga Warper on Feb 21, 2021.
             Was the Champion of Makhleb.
             Annihilated by a destroyer
             ... wielding a +9 vorpal great sword
              (70 damage)
             ... in the Dungeon (Sprint VIII: "Arena of Blood").
             The game lasted 00:03:13 (82 turns).

hittemvvvvvhard the Axe Maniac (Palentonga Warper)    Turns: 82, Time: 00:03:13

Health: -53/292    AC: 15    Str: 15    XL:     27
Magic:  40/54      EV: 35    Int: 14    God:    Makhleb [******]
Gold:   0          SH:  0    Dex: 22    Spells: 80/80 levels left

rFire    + . .     SeeInvis +   b - +∞ Axe of Woe
rCold    . . .     Faith    .   (shield currently unavailable)
rNeg     . . .     Spirit   .   a - +0 leather armour
rPois    .         Reflect  .   (no helmet)
rElec    .         Harm     .   (no cloak)
rCorr    .         Rampage  .   (no gloves)
Will     ++...     NoTele   +   (no barding)
Stlth    ++++++++++             (no amulet)
HPRegen  0.58/turn              F - ring of protection from fire
MPRegen  0.34/turn              (no ring)

@: slowed, curled up, very slow
A: large, rugged brown scales 3, see invisible, deformed body, roll 1, armoured
tail, reflexive curl
a: Rolling Charge, Renounce Religion, Minor Destruction, Lesser Servant of
Makhleb, Major Destruction, Greater Servant of Makhleb


You were in the Dungeon.
You worshipped Makhleb.
Makhleb was exalted by your worship.
You visited 1 branch

Inventory:

Hand Weapons
 b - the +∞ Axe of Woe (weapon)
   (You found it in the Dungeon)
Missiles
 d - 5 boomerangs of dispersal (quivered) {=f}
Armour
 a - a +0 leather armour (worn)
Jewellery
 F - a ring of protection from fire (left hand)
Scrolls
 c - 2 scrolls of blinking {!r}
Potions
 e - a potion of curing
 f - a potion of heal wounds
 g - a potion of haste
 h - 2 potions of magic
 i - a potion of berserk rage {!q}


   Skills:
 O Level 27 Fighting
 O Level 27 Short Blades
 O Level 27 Long Blades
 O Level 27 Axes
 O Level 27 Maces & Flails
 O Level 27 Polearms
 O Level 27 Staves
 O Level 27 Slings
 O Level 27 Bows
 O Level 27 Crossbows
 O Level 27 Throwing
 O Level 27 Armour
 O Level 27 Dodging
 O Level 27 Stealth
 O Level 27 Shields
 O Level 27 Unarmed Combat
 O Level 27 Spellcasting
 O Level 27 Conjurations
 O Level 27 Hexes
 O Level 27 Summonings
 O Level 27 Necromancy
 O Level 27 Translocations
 O Level 27 Transmutations
 O Level 27 Fire Magic
 O Level 27 Ice Magic
 O Level 27 Air Magic
 O Level 27 Earth Magic
 O Level 27 Poison Magic
 O Level 27 Invocations
 O Level 27 Evocations


You had 80 spell levels left.
You didn't know any spells.
Your spell library contained the following spells:

 Spells                   Type           Power        Failure   Level
 Blink                    Tloc           N/A          0%          2
 Gell's Gravitas          Tloc           38%          0%          3
 Lesser Beckoning         Tloc           38%          0%          3
 Teleport Other           Tloc           76%          0%          3
 Manifold Assault         Tloc           76%          0%          4


Dungeon Overview and Level Annotations

Branches:
Dungeon (1/1)

Altars:
Makhleb


Innate Abilities, Weirdness & Mutations

You are completely covered in rugged brown scales. (AC +3, +7% HP)
You have supernaturally acute eyesight. (SInv)
Armour fits poorly on your strangely shaped body.
You can roll at nearby foes to attack.
You have a long armoured tail.
You curl defensively after being hit.


Message History

Unknown command.
The bag of meat shouts!
You slice the tyrant!!
You cleave the tyrant in twain.
You destroy the tyrant!
You feel better.
The large abomination disappears in a puff of smoke! x2
You slice the meat berserker!!
You fatally mangle the meat berserker.
You kill the meat berserker!
You slash the large bag of meat!
Flame seeps out of the large bag of meat.
You dissect the large bag of meat like a pig carcass.
You slice the bag of meat!!
You fatally mangle the bag of meat.
You kill the bag of meat!
The large bag of meat explodes!
The fiery explosion engulfs you! You resist.
The fiery explosion engulfs the destroyer!
The meat beast appears out of thin air!
A meat beast comes into view.
You are engulfed in blazing flames.
You resist.
You hear a shout! x3
The meat berserker is engulfed in blazing flames.
You hear a shout! x2
A tyrant comes into view.
You hear a shout! x2
The tyrant mumbles some strange words.
The tyrant seems to speed up.
You hear a shout!
The accursed points at you and mumbles some strange words.
Something smites you! The meat beast bites you!!
The meat beast tramples you but does no damage.
A destroyer comes into view. It is wielding a +9 vorpal great sword.
The meat berserker rages.
The destroyer blinks!
The accursed points at you and mumbles some strange words.
Something smites you!
A bag of meat comes into view. It is wielding a +9 war axe.
The destroyer is engulfed in blazing flames.
The destroyer hits you with a +9 vorpal great sword!!!!!
Ouch! That really hurt!
* * * LOW HITPOINT WARNING * * *
You die...

..... ...........§☼. ...ML§...
.........#W.))☼ #.oo....#
.............§). . #....§2.#
..........##...)
..###....oz.###............)O)
......###oOo...W......###....
....O_....§..........M).)..
#.)...#O)§....#.#....))))
#_.<)_#§@2W.V.....W..))..
..#..)..#○VoV.)#.#.#)).))))
......_))O§M.))))M.....)....
......###°.§.)).))#.#.#).#...
..###..zOoO.###.)).)))...#....
. #..XV§.)#.....)...))..#.o.
#.LO...)#.........).)#....
...VV§.............).......
.........W...#...#....).##.

Skill      XL: |  1  2  3  4  5  6  7  8  9 10 11 12 13 14 15 16 17 18 19 20 21 22 23 24 25 26 27 |
---------------+----------------------------------------------------------------------------------+-----
Axes           | 25 27 | 27.0
Fighting       | 10 18 21 25 27 | 27.0
Dodging        | 9 15 18 22 27 | 27.0
Armour         | 11 14 17 20 24 27 | 27.0
Stealth        | 10 12 16 19 22 27 | 27.0
Spellcasting   | 12 15 19 22 25 27 | 27.0
Translocations | 13 16 20 23 27 | 27.0
Short Blades   | 4 11 13 14 17 19 27 | 27.0
Long Blades    | 4 11 13 14 17 19 27 | 27.0
Maces & Flails | 4 11 13 14 17 19 27 | 27.0
Polearms       | 3 10 12 13 16 17 27 | 27.0
Staves         | 4 11 13 14 17 19 27 | 27.0
Slings         | 3 8 10 11 14 15 27 | 27.0
Bows           | 3 9 11 12 14 16 27 | 27.0
Crossbows      | 3 9 11 12 15 16 27 | 27.0
Throwing       | 3 8 10 11 13 15 27 | 27.0
Shields        | 3 9 11 12 14 16 27 | 27.0
Unarmed Combat | 4 11 13 14 17 19 27 | 27.0
Conjurations   | 3 10 12 13 16 17 27 | 27.0
Hexes          | 4 11 13 14 17 19 27 | 27.0
Summonings     | 3 9 11 12 14 16 27 | 27.0
Necromancy     | 4 11 13 14 17 18 27 | 27.0
Transmutations | 4 11 13 14 17 19 27 | 27.0
Fire Magic     | 3 9 11 12 15 16 27 | 27.0
Ice Magic      | 3 9 11 12 15 16 27 | 27.0
Air Magic      | 3 9 11 12 15 16 27 | 27.0
Earth Magic    | 3 10 12 13 16 17 27 | 27.0
Poison Magic   | 3 9 11 12 14 16 27 | 27.0
Invocations    | 4 11 14 15 18 20 27 | 27.0
Evocations     | 3 10 12 13 16 17 27 | 27.0

Notes
Turn   | Place    | Note
-------+----------+-------------------------------------------
     0 | D        | Found the +∞ Axe of Woe
     0 | D        | hittemvvvvvhard the Palentonga Warper began the quest for
                  | the Orb.
     0 | D        | Reached XP level 1. HP: 18/18 MP: 3/3
     3 | D        | Became a worshipper of Makhleb the Destroyer
     4 | D        | Noticed a bag of meat
     4 | D        | Noticed a bag of meat
     4 | D        | Noticed a bag of meat
     4 | D        | Noticed a bag of meat
     5 | D        | Noticed a bag of meat
     6 | D        | Noticed a bag of meat
     6 | D        | Noticed a meat berserker
     7 | D        | Killed a bag of meat
     7 | D        | Noticed a bag of meat
     8 | D        | Reached skill level 25 in Axes
     8 | D        | Reached XP level 2. HP: 25/25 MP: 5/5
     8 | D        | Reached XP level 3. HP: 31/31 MP: 6/6
     8 | D        | Reached XP level 4. HP: 38/38 MP: 7/7
     8 | D        | Reached XP level 5. HP: 43/43 MP: 8/8
     8 | D        | Reached XP level 6. HP: 51/51 MP: 9/9
     8 | D        | Gained mutation: You curl defensively after being hit.
                  | [Palentonga growth]
     8 | D        | Reached XP level 7. HP: 58/58 MP: 10/10
     8 | D        | Reached XP level 8. HP: 65/65 MP: 11/11
     8 | D        | Reached XP level 9. HP: 71/71 MP: 12/12
     8 | D        | Reached XP level 10. HP: 78/78 MP: 13/13
     8 | D        | Reached XP level 11. HP: 84/84 MP: 14/14
     8 | D        | Noticed a bag of meat
     8 | D        | Killed a bag of meat
     8 | D        | Reached * piety under Makhleb
     8 | D        | Noticed a bag of meat
     8 | D        | Noticed a meat berserker
     8 | D        | Noticed a meat berserker
     8 | D        | Noticed a bag of meat
     8 | D        | Noticed a bag of meat
     8 | D        | Noticed a bag of meat
     8 | D        | Noticed a bag of meat
     8 | D        | Noticed a bag of meat
     9 | D        | Reached skill level 27 in Axes
     9 | D        | Reached skill level 10 in Fighting
     9 | D        | Reached skill level 9 in Dodging
     9 | D        | Reached XP level 12. HP: 115/115 MP: 15/15
     9 | D        | Noticed a bag of meat
     9 | D        | Killed a meat berserker
     9 | D        | Noticed a bag of meat
    10 | D        | Reached skill level 18 in Fighting
    10 | D        | Reached skill level 15 in Dodging
    10 | D        | Reached XP level 13. HP: 143/143 MP: 16/16
    10 | D        | Reached XP level 14. HP: 153/153 MP: 17/17
    10 | D        | Noticed a meat berserker
    10 | D        | Killed a bag of meat
    11 | D        | Reached skill level 20 in Fighting
    11 | D        | Reached skill level 17 in Dodging
    11 | D        | Noticed a meat berserker
    11 | D        | Noticed a meat berserker
    11 | D        | Killed a bag of meat
    11 | D        | Reached ** piety under Makhleb
    12 | D        | Reached skill level 21 in Fighting
    12 | D        | Reached skill level 18 in Dodging
    12 | D        | Reached XP level 15. HP: 171/171 MP: 18/18
    12 | D        | Noticed a meat berserker
    12 | D        | Reached *** piety under Makhleb
    13 | D        | Reached skill level 25 in Fighting
    13 | D        | Reached skill level 22 in Dodging
    13 | D        | Reached XP level 16. HP: 192/192 MP: 19/19
    13 | D        | Killed a meat berserker
    13 | D        | Killed a meat berserker
    13 | D        | Killed a meat berserker
    13 | D        | Reached **** piety under Makhleb
    14 | D        | Reached skill level 27 in Fighting
    14 | D        | Reached skill level 27 in Dodging
    14 | D        | Reached skill level 11 in Armour
    14 | D        | Reached skill level 10 in Stealth
    14 | D        | Reached skill level 12 in Spellcasting
    14 | D        | Reached skill level 13 in Translocations
    14 | D        | Reached XP level 17. HP: 204/204 MP: 19/33
    14 | D        | Noticed a meat berserker
    14 | D        | Killed a meat berserker
    14 | D        | Noticed a meat berserker
    14 | D        | Noticed a meat berserker
    15 | D        | Reached skill level 14 in Armour
    15 | D        | Reached skill level 12 in Stealth
    15 | D        | Reached skill level 15 in Spellcasting
    15 | D        | Reached skill level 16 in Translocations
    15 | D        | Reached XP level 18. HP: 214/214 MP: 19/37
    15 | D        | Killed a meat berserker
    15 | D        | Noticed a meat berserker
    15 | D        | Noticed a meat berserker
    16 | D        | Reached skill level 16 in Armour
    16 | D        | Reached skill level 14 in Stealth
    16 | D        | Reached skill level 17 in Spellcasting
    16 | D        | Reached skill level 18 in Translocations
    16 | D        | Noticed a meat berserker
    16 | D        | Killed a meat berserker
    17 | D        | Reached skill level 17 in Armour
    17 | D        | Reached skill level 16 in Stealth
    17 | D        | Reached skill level 19 in Spellcasting
    17 | D        | Reached skill level 20 in Translocations
    17 | D        | Reached XP level 19. HP: 221/221 MP: 19/42
    17 | D        | Noticed a meat berserker
    17 | D        | Killed a meat berserker
    17 | D        | Reached ***** piety under Makhleb
    18 | D        | Reached skill level 19 in Armour
    18 | D        | Reached skill level 18 in Stealth
    18 | D        | Reached skill level 20 in Spellcasting
    18 | D        | Reached skill level 22 in Translocations
    18 | D        | Noticed a meat berserker
    18 | D        | Noticed a meat berserker
    18 | D        | Noticed a destroyer
    19 | D        | Reached skill level 20 in Armour
    19 | D        | Reached skill level 19 in Stealth
    19 | D        | Reached skill level 22 in Spellcasting
    19 | D        | Reached skill level 23 in Translocations
    19 | D        | Reached XP level 20. HP: 231/231 MP: 20/46
    19 | D        | Noticed a meat berserker
    19 | D        | Noticed a meat berserker
    19 | D        | Killed a meat berserker
    20 | D        | Reached skill level 23 in Armour
    20 | D        | Reached skill level 21 in Stealth
    20 | D        | Reached skill level 25 in Spellcasting
    20 | D        | Reached skill level 26 in Translocations
    20 | D        | Reached ****** piety under Makhleb
    20 | D        | Noticed a meat berserker
    21 | D        | Reached skill level 24 in Armour
    21 | D        | Reached skill level 22 in Stealth
    21 | D        | Reached skill level 27 in Translocations
    21 | D        | Reached XP level 21. HP: 239/239 MP: 20/50
    22 | D        | Reached skill level 25 in Armour
    22 | D        | Reached skill level 23 in Stealth
    22 | D        | Reached skill level 27 in Spellcasting
    22 | D        | Noticed a destroyer
    23 | D        | Reached skill level 27 in Armour
    23 | D        | Reached skill level 27 in Stealth
    23 | D        | Reached skill level 4 in Short Blades
    23 | D        | Reached skill level 4 in Long Blades
    23 | D        | Reached skill level 4 in Maces & Flails
    23 | D        | Reached skill level 3 in Polearms
    23 | D        | Reached skill level 4 in Staves
    23 | D        | Reached skill level 3 in Slings
    23 | D        | Reached skill level 3 in Bows
    23 | D        | Reached skill level 3 in Crossbows
    23 | D        | Reached skill level 3 in Throwing
    23 | D        | Reached skill level 3 in Shields
    23 | D        | Reached skill level 4 in Unarmed Combat
    23 | D        | Reached skill level 3 in Conjurations
    23 | D        | Reached skill level 4 in Hexes
    23 | D        | Reached skill level 3 in Summonings
    23 | D        | Reached skill level 4 in Necromancy
    23 | D        | Reached skill level 4 in Transmutations
    23 | D        | Reached skill level 3 in Fire Magic
    23 | D        | Reached skill level 3 in Ice Magic
    23 | D        | Reached skill level 3 in Air Magic
    23 | D        | Reached skill level 3 in Earth Magic
    23 | D        | Reached skill level 3 in Poison Magic
    23 | D        | Reached skill level 4 in Invocations
    23 | D        | Reached skill level 3 in Evocations
    23 | D        | Reached XP level 22. HP: 249/249 MP: 21/53
    24 | D        | Reached skill level 6 in Short Blades
    24 | D        | Reached skill level 6 in Long Blades
    24 | D        | Reached skill level 7 in Maces & Flails
    24 | D        | Reached skill level 6 in Polearms
    24 | D        | Reached skill level 7 in Staves
    24 | D        | Reached skill level 5 in Slings
    24 | D        | Reached skill level 5 in Bows
    24 | D        | Reached skill level 5 in Crossbows
    24 | D        | Reached skill level 5 in Throwing
    24 | D        | Reached skill level 5 in Shields
    24 | D        | Reached skill level 7 in Unarmed Combat
    24 | D        | Reached skill level 6 in Conjurations
    24 | D        | Reached skill level 6 in Hexes
    24 | D        | Reached skill level 5 in Summonings
    24 | D        | Reached skill level 7 in Necromancy
    24 | D        | Reached skill level 6 in Transmutations
    24 | D        | Reached skill level 5 in Fire Magic
    24 | D        | Reached skill level 5 in Ice Magic
    24 | D        | Reached skill level 5 in Air Magic
    24 | D        | Reached skill level 6 in Earth Magic
    24 | D        | Reached skill level 5 in Poison Magic
    24 | D        | Reached skill level 7 in Invocations
    24 | D        | Reached skill level 6 in Evocations
    24 | D        | Killed a destroyer
    24 | D        | Noticed a large bag of meat
    25 | D        | Reached skill level 11 in Short Blades
    25 | D        | Reached skill level 11 in Long Blades
    25 | D        | Reached skill level 11 in Maces & Flails
    25 | D        | Reached skill level 10 in Polearms
    25 | D        | Reached skill level 11 in Staves
    25 | D        | Reached skill level 8 in Slings
    25 | D        | Reached skill level 9 in Bows
    25 | D        | Reached skill level 9 in Crossbows
    25 | D        | Reached skill level 8 in Throwing
    25 | D        | Reached skill level 9 in Shields
    25 | D        | Reached skill level 11 in Unarmed Combat
    25 | D        | Reached skill level 10 in Conjurations
    25 | D        | Reached skill level 11 in Hexes
    25 | D        | Reached skill level 9 in Summonings
    25 | D        | Reached skill level 11 in Necromancy
    25 | D        | Reached skill level 11 in Transmutations
    25 | D        | Reached skill level 9 in Fire Magic
    25 | D        | Reached skill level 9 in Ice Magic
    25 | D        | Reached skill level 9 in Air Magic
    25 | D        | Reached skill level 10 in Earth Magic
    25 | D        | Reached skill level 9 in Poison Magic
    25 | D        | Reached skill level 11 in Invocations
    25 | D        | Reached skill level 10 in Evocations
    25 | D        | Reached XP level 23. HP: 256/256 MP: 22/54
    26 | D        | Reached skill level 9 in Slings
    26 | D        | Reached skill level 9 in Throwing
    26 | D        | Reached skill level 12 in Invocations
    26 | D        | Killed a destroyer
    27 | D        | Reached skill level 13 in Short Blades
    27 | D        | Reached skill level 13 in Long Blades
    27 | D        | Reached skill level 13 in Maces & Flails
    27 | D        | Reached skill level 12 in Polearms
    27 | D        | Reached skill level 13 in Staves
    27 | D        | Reached skill level 10 in Slings
    27 | D        | Reached skill level 11 in Bows
    27 | D        | Reached skill level 11 in Crossbows
    27 | D        | Reached skill level 10 in Throwing
    27 | D        | Reached skill level 11 in Shields
    27 | D        | Reached skill level 13 in Unarmed Combat
    27 | D        | Reached skill level 12 in Conjurations
    27 | D        | Reached skill level 13 in Hexes
    27 | D        | Reached skill level 11 in Summonings
    27 | D        | Reached skill level 13 in Necromancy
    27 | D        | Reached skill level 13 in Transmutations
    27 | D        | Reached skill level 11 in Fire Magic
    27 | D        | Reached skill level 11 in Ice Magic
    27 | D        | Reached skill level 11 in Air Magic
    27 | D        | Reached skill level 12 in Earth Magic
    27 | D        | Reached skill level 11 in Poison Magic
    27 | D        | Reached skill level 14 in Invocations
    27 | D        | Reached skill level 12 in Evocations
    27 | D        | Reached XP level 24. HP: 266/266 MP: 22/54
    31 | D        | Reached skill level 14 in Short Blades
    31 | D        | Reached skill level 14 in Long Blades
    31 | D        | Reached skill level 14 in Maces & Flails
    31 | D        | Reached skill level 13 in Polearms
    31 | D        | Reached skill level 14 in Staves
    31 | D        | Reached skill level 11 in Slings
    31 | D        | Reached skill level 12 in Bows
    31 | D        | Reached skill level 12 in Crossbows
    31 | D        | Reached skill level 11 in Throwing
    31 | D        | Reached skill level 12 in Shields
    31 | D        | Reached skill level 14 in Unarmed Combat
    31 | D        | Reached skill level 13 in Conjurations
    31 | D        | Reached skill level 14 in Hexes
    31 | D        | Reached skill level 12 in Summonings
    31 | D        | Reached skill level 14 in Necromancy
    31 | D        | Reached skill level 14 in Transmutations
    31 | D        | Reached skill level 12 in Fire Magic
    31 | D        | Reached skill level 12 in Ice Magic
    31 | D        | Reached skill level 12 in Air Magic
    31 | D        | Reached skill level 13 in Earth Magic
    31 | D        | Reached skill level 12 in Poison Magic
    31 | D        | Reached skill level 15 in Invocations
    31 | D        | Reached skill level 13 in Evocations
    31 | D        | Reached XP level 25. HP: 274/274 MP: 24/54
    32 | D        | Reached skill level 15 in Short Blades
    32 | D        | Reached skill level 15 in Long Blades
    32 | D        | Reached skill level 15 in Maces & Flails
    32 | D        | Reached skill level 14 in Polearms
    32 | D        | Reached skill level 15 in Staves
    32 | D        | Reached skill level 12 in Slings
    32 | D        | Reached skill level 13 in Bows
    32 | D        | Reached skill level 13 in Crossbows
    32 | D        | Reached skill level 12 in Throwing
    32 | D        | Reached skill level 13 in Shields
    32 | D        | Reached skill level 15 in Unarmed Combat
    32 | D        | Reached skill level 14 in Conjurations
    32 | D        | Reached skill level 15 in Hexes
    32 | D        | Reached skill level 13 in Summonings
    32 | D        | Reached skill level 15 in Necromancy
    32 | D        | Reached skill level 15 in Transmutations
    32 | D        | Reached skill level 13 in Fire Magic
    32 | D        | Reached skill level 13 in Ice Magic
    32 | D        | Reached skill level 13 in Air Magic
    32 | D        | Reached skill level 14 in Earth Magic
    32 | D        | Reached skill level 13 in Poison Magic
    32 | D        | Reached skill level 16 in Invocations
    32 | D        | Reached skill level 14 in Evocations
    32 | D        | Noticed a destroyer
    33 | D        | Reached skill level 16 in Short Blades
    33 | D        | Reached skill level 16 in Long Blades
    33 | D        | Reached skill level 16 in Maces & Flails
    33 | D        | Reached skill level 15 in Polearms
    33 | D        | Reached skill level 16 in Staves
    33 | D        | Reached skill level 13 in Slings
    33 | D        | Reached skill level 14 in Bows
    33 | D        | Reached skill level 14 in Crossbows
    33 | D        | Reached skill level 13 in Throwing
    33 | D        | Reached skill level 14 in Shields
    33 | D        | Reached skill level 16 in Unarmed Combat
    33 | D        | Reached skill level 15 in Conjurations
    33 | D        | Reached skill level 16 in Hexes
    33 | D        | Reached skill level 14 in Summonings
    33 | D        | Reached skill level 16 in Necromancy
    33 | D        | Reached skill level 16 in Transmutations
    33 | D        | Reached skill level 14 in Fire Magic
    33 | D        | Reached skill level 14 in Ice Magic
    33 | D        | Reached skill level 14 in Air Magic
    33 | D        | Reached skill level 15 in Earth Magic
    33 | D        | Reached skill level 14 in Poison Magic
    33 | D        | Reached skill level 17 in Invocations
    33 | D        | Reached skill level 15 in Evocations
    34 | D        | Killed a destroyer
    34 | D        | Noticed a destroyer
    35 | D        | Reached skill level 17 in Short Blades
    35 | D        | Reached skill level 17 in Long Blades
    35 | D        | Reached skill level 17 in Maces & Flails
    35 | D        | Reached skill level 16 in Polearms
    35 | D        | Reached skill level 17 in Staves
    35 | D        | Reached skill level 14 in Slings
    35 | D        | Reached skill level 15 in Crossbows
    35 | D        | Reached skill level 17 in Unarmed Combat
    35 | D        | Reached skill level 16 in Conjurations
    35 | D        | Reached skill level 17 in Hexes
    35 | D        | Reached skill level 17 in Necromancy
    35 | D        | Reached skill level 17 in Transmutations
    35 | D        | Reached skill level 15 in Fire Magic
    35 | D        | Reached skill level 15 in Ice Magic
    35 | D        | Reached skill level 15 in Air Magic
    35 | D        | Reached skill level 16 in Earth Magic
    35 | D        | Reached skill level 18 in Invocations
    35 | D        | Reached skill level 16 in Evocations
    35 | D        | Reached XP level 26. HP: 284/284 MP: 25/54
    36 | D        | Reached skill level 15 in Bows
    36 | D        | Reached skill level 14 in Throwing
    36 | D        | Reached skill level 15 in Shields
    36 | D        | Reached skill level 15 in Summonings
    36 | D        | Reached skill level 15 in Poison Magic
    38 | D        | Reached skill level 18 in Short Blades
    38 | D        | Reached skill level 18 in Long Blades
    38 | D        | Reached skill level 18 in Maces & Flails
    38 | D        | Reached skill level 18 in Staves
    38 | D        | Reached skill level 18 in Unarmed Combat
    38 | D        | Reached skill level 18 in Hexes
    38 | D        | Reached skill level 18 in Necromancy
    38 | D        | Reached skill level 18 in Transmutations
    38 | D        | Reached skill level 19 in Invocations
    40 | D        | Reached skill level 17 in Polearms
    40 | D        | Reached skill level 15 in Slings
    40 | D        | Reached skill level 16 in Bows
    40 | D        | Reached skill level 16 in Crossbows
    40 | D        | Reached skill level 15 in Throwing
    40 | D        | Reached skill level 16 in Shields
    40 | D        | Reached skill level 17 in Conjurations
    40 | D        | Reached skill level 16 in Summonings
    40 | D        | Reached skill level 16 in Fire Magic
    40 | D        | Reached skill level 16 in Ice Magic
    40 | D        | Reached skill level 16 in Air Magic
    40 | D        | Reached skill level 17 in Earth Magic
    40 | D        | Reached skill level 16 in Poison Magic
    40 | D        | Reached skill level 20 in Invocations
    40 | D        | Reached skill level 17 in Evocations
    41 | D        | Reached skill level 19 in Short Blades
    41 | D        | Reached skill level 19 in Long Blades
    41 | D        | Reached skill level 19 in Maces & Flails
    41 | D        | Reached skill level 19 in Staves
    41 | D        | Reached skill level 19 in Unarmed Combat
    41 | D        | Reached skill level 19 in Hexes
    41 | D        | Reached skill level 19 in Transmutations
    41 | D        | Reached XP level 27. HP: 288/292 MP: 26/54
    42 | D        | Reached skill level 19 in Necromancy
    43 | D        | Noticed a destroyer
    44 | D        | Reached skill level 18 in Polearms
    44 | D        | Reached skill level 18 in Evocations
    45 | D        | Killed a large bag of meat
    45 | D        | Killed a destroyer
    45 | D        | Killed a destroyer
    46 | D        | Reached skill level 20 in Short Blades
    46 | D        | Reached skill level 20 in Long Blades
    46 | D        | Reached skill level 20 in Maces & Flails
    46 | D        | Reached skill level 20 in Staves
    46 | D        | Reached skill level 16 in Slings
    46 | D        | Reached skill level 17 in Bows
    46 | D        | Reached skill level 17 in Crossbows
    46 | D        | Reached skill level 16 in Throwing
    46 | D        | Reached skill level 17 in Shields
    46 | D        | Reached skill level 20 in Unarmed Combat
    46 | D        | Reached skill level 18 in Conjurations
    46 | D        | Reached skill level 20 in Hexes
    46 | D        | Reached skill level 17 in Summonings
    46 | D        | Reached skill level 20 in Necromancy
    46 | D        | Reached skill level 20 in Transmutations
    46 | D        | Reached skill level 17 in Fire Magic
    46 | D        | Reached skill level 17 in Ice Magic
    46 | D        | Reached skill level 17 in Air Magic
    46 | D        | Reached skill level 18 in Earth Magic
    46 | D        | Reached skill level 17 in Poison Magic
    46 | D        | Reached skill level 21 in Invocations
    47 | D        | Noticed a tyrant
    50 | D        | Noticed a large bag of meat
    51 | D        | Killed a tyrant
    52 | D        | Reached skill level 19 in Polearms
    52 | D        | Reached skill level 18 in Crossbows
    52 | D        | Reached skill level 19 in Conjurations
    52 | D        | Reached skill level 18 in Fire Magic
    52 | D        | Reached skill level 18 in Ice Magic
    52 | D        | Reached skill level 19 in Earth Magic
    52 | D        | Reached skill level 22 in Invocations
    52 | D        | Reached skill level 19 in Evocations
    52 | D        | Noticed a tyrant
    53 | D        | Reached skill level 18 in Bows
    53 | D        | Reached skill level 18 in Shields
    53 | D        | Reached skill level 18 in Summonings
    53 | D        | Reached skill level 18 in Air Magic
    53 | D        | Reached skill level 18 in Poison Magic
    54 | D        | Reached skill level 21 in Short Blades
    54 | D        | Reached skill level 21 in Long Blades
    54 | D        | Reached skill level 21 in Maces & Flails
    54 | D        | Reached skill level 21 in Staves
    54 | D        | Reached skill level 17 in Slings
    54 | D        | Reached skill level 17 in Throwing
    54 | D        | Reached skill level 21 in Unarmed Combat
    54 | D        | Reached skill level 21 in Hexes
    54 | D        | Reached skill level 21 in Necromancy
    54 | D        | Reached skill level 21 in Transmutations
    54 | D        | Noticed an accursed
    54 | D        | Killed a large bag of meat
    57 | D        | Reached skill level 20 in Polearms
    57 | D        | Reached skill level 20 in Conjurations
    57 | D        | Reached skill level 20 in Evocations
    58 | D        | Reached skill level 20 in Earth Magic
    58 | D        | Killed a tyrant
    59 | D        | Reached skill level 23 in Invocations
    59 | D        | Noticed a dread
    59 | D        | Noticed The Captor
    62 | D        | Reached skill level 22 in Short Blades
    62 | D        | Reached skill level 22 in Long Blades
    62 | D        | Reached skill level 22 in Maces & Flails
    62 | D        | Reached skill level 19 in Bows
    62 | D        | Reached skill level 19 in Crossbows
    62 | D        | Reached skill level 19 in Shields
    62 | D        | Reached skill level 22 in Unarmed Combat
    62 | D        | Reached skill level 22 in Hexes
    62 | D        | Reached skill level 19 in Summonings
    62 | D        | Reached skill level 22 in Transmutations
    62 | D        | Reached skill level 19 in Fire Magic
    62 | D        | Reached skill level 19 in Ice Magic
    62 | D        | Reached skill level 19 in Air Magic
    62 | D        | Reached skill level 19 in Poison Magic
    62 | D        | Killed The Captor
    63 | D        | Reached skill level 23 in Short Blades
    63 | D        | Reached skill level 23 in Long Blades
    63 | D        | Reached skill level 23 in Maces & Flails
    63 | D        | Reached skill level 22 in Polearms
    63 | D        | Reached skill level 23 in Staves
    63 | D        | Reached skill level 19 in Slings
    63 | D        | Reached skill level 20 in Bows
    63 | D        | Reached skill level 20 in Crossbows
    63 | D        | Reached skill level 19 in Throwing
    63 | D        | Reached skill level 20 in Shields
    63 | D        | Reached skill level 23 in Unarmed Combat
    63 | D        | Reached skill level 22 in Conjurations
    63 | D        | Reached skill level 23 in Hexes
    63 | D        | Reached skill level 20 in Summonings
    63 | D        | Reached skill level 23 in Necromancy
    63 | D        | Reached skill level 23 in Transmutations
    63 | D        | Reached skill level 20 in Fire Magic
    63 | D        | Reached skill level 20 in Ice Magic
    63 | D        | Reached skill level 20 in Air Magic
    63 | D        | Reached skill level 22 in Earth Magic
    63 | D        | Reached skill level 20 in Poison Magic
    63 | D        | Reached skill level 25 in Invocations
    63 | D        | Reached skill level 22 in Evocations
    63 | D        | Killed a dread
    63 | D        | Noticed an accursed
    64 | D        | Reached skill level 24 in Short Blades
    64 | D        | Reached skill level 24 in Long Blades
    64 | D        | Reached skill level 24 in Maces & Flails
    64 | D        | Reached skill level 24 in Staves
    64 | D        | Reached skill level 21 in Bows
    64 | D        | Reached skill level 21 in Crossbows
    64 | D        | Reached skill level 21 in Shields
    64 | D        | Reached skill level 24 in Unarmed Combat
    64 | D        | Reached skill level 24 in Hexes
    64 | D        | Reached skill level 21 in Summonings
    64 | D        | Reached skill level 24 in Necromancy
    64 | D        | Reached skill level 24 in Transmutations
    64 | D        | Reached skill level 21 in Fire Magic
    64 | D        | Reached skill level 21 in Ice Magic
    64 | D        | Reached skill level 21 in Air Magic
    64 | D        | Reached skill level 21 in Poison Magic
    64 | D        | Noticed a dread
    64 | D        | Killed an accursed
    65 | D        | Reached skill level 23 in Polearms
    65 | D        | Reached skill level 20 in Slings
    65 | D        | Reached skill level 20 in Throwing
    65 | D        | Reached skill level 23 in Conjurations
    65 | D        | Reached skill level 23 in Earth Magic
    65 | D        | Reached skill level 26 in Invocations
    65 | D        | Reached skill level 23 in Evocations
    65 | D        | Noticed a destroyer
    66 | D        | Reached skill level 25 in Unarmed Combat
    66 | D        | Killed a destroyer
    66 | D        | Noticed an accursed
    66 | D        | Noticed a dread
    67 | D        | Reached skill level 25 in Short Blades
    67 | D        | Reached skill level 25 in Long Blades
    67 | D        | Reached skill level 25 in Maces & Flails
    67 | D        | Reached skill level 25 in Staves
    67 | D        | Reached skill level 22 in Crossbows
    67 | D        | Reached skill level 25 in Hexes
    67 | D        | Reached skill level 22 in Summonings
    67 | D        | Reached skill level 25 in Necromancy
    67 | D        | Reached skill level 25 in Transmutations
    67 | D        | Reached skill level 22 in Fire Magic
    67 | D        | Reached skill level 22 in Ice Magic
    67 | D        | HP: 66/292 [??? (64)]
    68 | D        | Reached skill level 22 in Bows
    68 | D        | Reached skill level 22 in Shields
    68 | D        | Reached skill level 22 in Air Magic
    68 | D        | Reached skill level 22 in Poison Magic
    68 | D        | Reached skill level 27 in Invocations
    68 | D        | Noticed a destroyer
    68 | D        | Killed a dread
    68 | D        | Noticed a dread
    68 | D        | Noticed a tyrant
    68 | D        | Noticed an accursed
    69 | D        | Reached skill level 24 in Polearms
    69 | D        | Reached skill level 24 in Conjurations
    69 | D        | Reached skill level 24 in Earth Magic
    69 | D        | Reached skill level 24 in Evocations
    69 | D        | Killed an accursed
    70 | D        | Reached skill level 26 in Short Blades
    70 | D        | Reached skill level 26 in Long Blades
    70 | D        | Reached skill level 26 in Maces & Flails
    70 | D        | Reached skill level 26 in Staves
    70 | D        | Reached skill level 21 in Slings
    70 | D        | Reached skill level 21 in Throwing
    70 | D        | Reached skill level 26 in Unarmed Combat
    70 | D        | Reached skill level 26 in Hexes
    70 | D        | Reached skill level 26 in Necromancy
    70 | D        | Reached skill level 26 in Transmutations
    70 | D        | Noticed a dread
    70 | D        | Noticed a destroyer
    71 | D        | Reached skill level 23 in Crossbows
    71 | D        | Reached skill level 23 in Summonings
    71 | D        | Reached skill level 23 in Fire Magic
    71 | D        | Reached skill level 23 in Ice Magic
    71 | D        | Killed a destroyer
    72 | D        | Reached skill level 23 in Bows
    72 | D        | Reached skill level 23 in Shields
    72 | D        | Reached skill level 23 in Air Magic
    72 | D        | Reached skill level 23 in Poison Magic
    72 | D        | Killed a dread
    72 | D        | Noticed a meat beast
    73 | D        | Reached skill level 27 in Short Blades
    73 | D        | Reached skill level 27 in Long Blades
    73 | D        | Reached skill level 27 in Maces & Flails
    73 | D        | Reached skill level 25 in Polearms
    73 | D        | Reached skill level 27 in Staves
    73 | D        | Reached skill level 22 in Slings
    73 | D        | Reached skill level 22 in Throwing
    73 | D        | Reached skill level 27 in Unarmed Combat
    73 | D        | Reached skill level 25 in Conjurations
    73 | D        | Reached skill level 27 in Hexes
    73 | D        | Reached skill level 27 in Necromancy
    73 | D        | Reached skill level 27 in Transmutations
    73 | D        | Reached skill level 25 in Earth Magic
    73 | D        | Reached skill level 25 in Evocations
    74 | D        | Killed a tyrant
    75 | D        | Reached skill level 26 in Polearms
    75 | D        | Reached skill level 24 in Bows
    75 | D        | Reached skill level 24 in Crossbows
    75 | D        | Reached skill level 24 in Shields
    75 | D        | Reached skill level 26 in Conjurations
    75 | D        | Reached skill level 24 in Summonings
    75 | D        | Reached skill level 24 in Fire Magic
    75 | D        | Reached skill level 24 in Ice Magic
    75 | D        | Reached skill level 24 in Air Magic
    75 | D        | Reached skill level 26 in Earth Magic
    75 | D        | Reached skill level 24 in Poison Magic
    75 | D        | Reached skill level 26 in Evocations
    75 | D        | Noticed a tyrant
    75 | D        | Noticed a destroyer
    75 | D        | Noticed a destroyer
    75 | D        | Noticed a tyrant
    75 | D        | Noticed a dread
    75 | D        | Noticed a meat beast
    76 | D        | Noticed a meat beast
    76 | D        | Killed a destroyer
    76 | D        | Noticed a destroyer
    77 | D        | Reached skill level 23 in Slings
    77 | D        | Reached skill level 23 in Throwing
    77 | D        | Reached skill level 25 in Summonings
    77 | D        | Reached skill level 25 in Fire Magic
    77 | D        | Reached skill level 25 in Ice Magic
    77 | D        | Killed a meat beast
    77 | D        | Noticed a destroyer
    77 | D        | Noticed a destroyer
    77 | D        | Noticed a tyrant
    78 | D        | Reached skill level 27 in Polearms
    78 | D        | Reached skill level 24 in Slings
    78 | D        | Reached skill level 26 in Bows
    78 | D        | Reached skill level 26 in Crossbows
    78 | D        | Reached skill level 24 in Throwing
    78 | D        | Reached skill level 26 in Shields
    78 | D        | Reached skill level 27 in Conjurations
    78 | D        | Reached skill level 26 in Summonings
    78 | D        | Reached skill level 26 in Fire Magic
    78 | D        | Reached skill level 26 in Ice Magic
    78 | D        | Reached skill level 26 in Air Magic
    78 | D        | Reached skill level 27 in Earth Magic
    78 | D        | Reached skill level 26 in Poison Magic
    78 | D        | Reached skill level 27 in Evocations
    78 | D        | Killed a destroyer
    78 | D        | Noticed a large bag of meat
    78 | D        | Noticed a destroyer
    79 | D        | Reached skill level 25 in Slings
    79 | D        | Reached skill level 27 in Bows
    79 | D        | Reached skill level 27 in Crossbows
    79 | D        | Reached skill level 25 in Throwing
    79 | D        | Reached skill level 27 in Shields
    79 | D        | Reached skill level 27 in Summonings
    79 | D        | Reached skill level 27 in Fire Magic
    79 | D        | Reached skill level 27 in Ice Magic
    79 | D        | Reached skill level 27 in Air Magic
    79 | D        | Reached skill level 27 in Poison Magic
    79 | D        | Killed a destroyer
    79 | D        | Killed a meat beast
    79 | D        | Killed a dread
    79 | D        | Killed a destroyer
    79 | D        | Noticed a meat beast
    79 | D        | Noticed an accursed
    80 | D        | Reached skill level 27 in Slings
    80 | D        | Reached skill level 27 in Throwing
    80 | D        | Noticed a destroyer
    80 | D        | Killed a tyrant
    80 | D        | Killed a meat beast
    80 | D        | Noticed a destroyer
    81 | D        | Killed a dread
    82 | D        | Killed a tyrant
    82 | D        | Killed a large bag of meat
    82 | D        | Noticed a tyrant
    82 | D        | Noticed a destroyer
    82 | D        | HP: 17/292 [destroyer/+9 vorpal great sword (210)]
    82 | D        | Annihilated by a destroyer

Table legend: (Time is in decaauts)
 A = Elapsed time spent in this place.
 B = Non-inter-level travel time spent in this place.
 C = Inter-level travel time spent in this place.
 D = Time resting spent in this place.
 E = Time spent auto-exploring this place.
 F = Levels seen in this place.
 G = Mean time per level.
                   A        B        C        D        E       F      G
               +--------+--------+--------+--------+--------+-----+--------+
         Total |     77 |     77 |      0 |      0 |      0 |   1 |   77.0 |
       Dungeon |     77 |     77 |      0 |      0 |      0 |   1 |   77.0 |
               +--------+--------+--------+--------+--------+-----+--------+

Top non-repeatable levels by time:
       D: 77 daAuts

Table legend:
 A = Kills in this place as a percentage of kills in entire the game.
 B = Kills by you in this place as a percentage of kills by you in the entire game.
 C = Kills by friends in this place as a percentage of kills by friends in the entire game.
 D = Other kills in this place as a percentage of other kills in the entire game.
 E = Experience gained in this place as a percentage of experience gained in the entire game.
 F = Experience gained in this place divided by the number of levels of this place that you have seen.
                   A       B       C       D       E      F
               +-------+-------+-------+-------+-------+----------------------
         Total | 100.0 | 100.0 |   N/A |   N/A | 100.0 | 3794462.0
       Dungeon | 100.0 | 100.0 |   N/A |   N/A | 100.0 | 3794462.0
               +-------+-------+-------+-------+-------+----------------------

Action                   |  1- 3 |  4- 6 |  7- 9 | 10-12 | 13-15 | 16-18 | 19-21 | 22-24 | 25-27 || total
-------------------------+-------+-------+-------+-------+-------+-------+-------+-------+-------++-------
Melee: Executioner's axe |     1 |       |       |     2 |     3 |     4 |     6 |     5 |    45 ||    66
 Abil: Rolling Charge    |       |       |       |     2 |     3 |     4 |     6 |     4 |    14 ||    33
Armor: Leather armour    |       |       |       |       |       |       |       |       |     1 ||     1
Dodge: Dodged            |       |       |       |       |       |       |     1 |     1 |     7 ||     9

Vanquished Creatures
  Sigmund (D)
  3 hell beasts (D)
  2 royal mummies (D)
  5 wraiths (D)
  11 vampire knights (D)
  37 ogres (D)
  3 two-headed ogres (D)
  5 liches (D)
  A hydra (D)
  74 orcs (D)
  4 skeletal warriors (D)
146 creatures vanquished. You could see 3 accurseds, 2 meat beasts, 2 tyrants, 6 destroyers, a sculptor of flesh, a large abomination (summoned), a dread, a wretched soul (invisible), 6 meat berserkers and 7 bags of meat.

Levels and vault maps discovered:
D:        meatsprint
